 Dungeon Crawl Stone Soup version 0.27-a0-124-g19cb506db8 (webtiles) character file.

Game seed: 6591970457456481949

26 dickylongcocking the Grave Robber (level 2, 0/19 HPs)
             Began as a Demonspawn Necromancer on Jan 25, 2021.
             Slain by a bat (1 damage)
             ... on level 2 of the Dungeon.
             The game lasted 00:01:28 (1406 turns).

dickylongcocking the Grave Robber (DsNe)            Turns: 1406, Time: 00:01:29

Health: 0/19       AC:  2    Str:  8    XL:     2   Next: 89%
Magic:  0/5        EV:  9    Int: 16    God:
Gold:   61         SH:  0    Dex: 13    Spells: 4/5 levels left

rFire    . . .     SeeInvis .   g - +0 short sword
rCold    . . .     Faith    .   (no shield)
rNeg     . . .     Spirit   +   a - +0 robe
rPois    .         Reflect  .   (no helmet)
rElec    .         Harm     .   (no cloak)
rCorr    .         Rampage  .   (no gloves)
Will     .....                  (no boots)
Stlth    ++........             (no amulet)
HPRegen  0.06/turn              (no ring)
MPRegen  0.09/turn              (no ring)

@: constricted
A: magic shield
a: no special abilities


You were on level 2 of the Dungeon.
You visited 1 branch of the dungeon, and saw 2 of its levels.

You collected 61 gold pieces.

Inventory:

Hand Weapons
 g - a +0 short sword (weapon)
Armour
 a - a +0 robe (worn)
 f - a +0 pair of gloves
Scrolls
 b - a scroll of blinking {unknown}
 c - a scroll of amnesia {unknown}
 e - 2 scrolls of identify {unknown}
 i - a scroll of teleportation {unknown}
Potions
 d - a potion of brilliance {unknown}
 h - a potion of flight {unknown}


   Skills:
 + Level 0.3 Fighting
 + Level 1.8 Dodging
 + Level 1.9 Stealth
 + Level 2.2 Spellcasting
 + Level 5.1 Necromancy


You had 4 spell levels left.
You knew the following spells:

 Your Spells              Type           Power        Failure   Level
a - Pain                  Necr           72%          2%          1

Your spell library contained the following spells:

 Spells                   Type           Power        Failure   Level
 Animate Skeleton         Necr           36%          2%          1
 Vampiric Draining        Necr           9%           8%          3
 Animate Dead             Necr           9%           24%         4
 Agony                    Necr           18%          56%         5


Dungeon Overview and Level Annotations

Branches:
Dungeon (2/15)

Altars:


Innate Abilities, Weirdness & Mutations

When hurt, damage is shared between your health and your magic reserves.


Message History

Press: ? - help, Shift-Dir - straight line, f - frilled lizard
Aim: a frilled lizard (chance to affect: 89%)
The frilled lizard writhes in agony.
You kill the frilled lizard!
Unknown command.
The giant cockroach bites you but does no damage.
The giant cockroach bites you but does no damage.
Found a golden potion.
A bat comes into view.
Found a stone staircase leading down.
The giant cockroach bites you.
* * * LOW HITPOINT WARNING * * *
A bat comes into view.
The bat barely misses you. The ball python barely misses you.
The ball python grabs you. The ball python constricts you.
You hit the bat.
The bat is heavily wounded.
The bat hits you but does no damage. The giant cockroach barely misses you.
The bat hits you.
You die...

.=... .... ....>..... ...#
##.#......b ##..#
...!..... .... #......# ##
.. #..## #......#####..
..## #...###.........#..#
....##.......b.........#
.......<.....@B......#
..............S......#
......)......#.......#
.............##......#
.............#....†..#
...$.........#.......####
.............#............
.............##.....#####.
....##.....#.......##


You could see a giant cockroach, 2 bats and a ball python.

Vanquished Creatures
  An ooze (D:1)
  An orc (D:2)
  A goblin (D:1)
  4 hobgoblins
  2 jackals (D:1)
  2 bats (D:1)
  3 frilled lizards
  3 kobolds (D:1)
  5 rats (D:1)
22 creatures vanquished.

Notes
Turn   | Place    | Note
-------+----------+-------------------------------------------
     0 | D:1      | dickylongcocking the Demonspawn Necromancer began the quest
                  | for the Orb.
     0 | D:1      | Reached XP level 1. HP: 13/13 MP: 3/3
   478 | D:1      | Gained mutation: When hurt, damage is shared between your
                  | health and your magic reserves. [demonic ancestry]
   478 | D:1      | Reached XP level 2. HP: 17/19 MP: 3/5
   550 | D:1      | Reached skill level 5 in Necromancy
  1406 | D:2      | Slain by a bat

Illustrated notes

Levels and vault maps discovered:
D:1:      minmay_arrival_arboretum_small, layout_rooms, nrook_loot_triangle,
          nrook_mini_vaults, minmay_misc_feat_diagonals, minmay_tetromino_s2
D:2:      layout_rooms

Skill      XL: |  1  2 |
---------------+-------+-----
Necromancy     | 5 |  5.1
Fighting       | |  0.3
Dodging        | |  1.8
Stealth        | |  1.9
Spellcasting   | |  2.2

Action                   || total
-------------------------++-------
Melee: Short sword       ||    21
 Cast: Pain              ||    39
Armor: Robe              ||    15
Dodge: Dodged            ||    33

Table legend: (Time is in decaauts)
 A = Elapsed time spent in this place.
 B = Non-inter-level travel time spent in this place.
 C = Inter-level travel time spent in this place.
 D = Time resting spent in this place.
 E = Time spent auto-exploring this place.
 F = Levels seen in this place.
 G = Mean time per level.
                   A        B        C        D        E       F      G
               +--------+--------+--------+--------+--------+-----+--------+
         Total |   1408 |   1359 |     49 |    466 |    627 |   2 |  704.0 |
       Dungeon |   1408 |   1359 |     49 |    466 |    627 |   2 |  704.0 |
               +--------+--------+--------+--------+--------+-----+--------+

Top non-repeatable levels by time:
     D:1: 1355 daAuts
     D:2: 53 daAuts
